Workbook

Sheet MANUT. PREDIAL
A1: AUXILIAR DE MANUTENÇÃO PREDIAL - Regime de Tributação: Lucro Real
A2: Pregão IFSul nº – Câmpus Camaquã PLANILHA DE CUSTOS E FORMAÇÃO DE PREÇOS
A3: Nº do processo:
A4: Licitação nº:
A5: Dia:
A6: DISCRIMINAÇÃO DOS SERVIÇOS (DADOS REFERENTES À CONTRATAÇÃO)
A7: A | B7: Data de apresentação da proposta (dia/mês/ano)
A8: B | B8: Município/UF | H8: Camaquã/RS
A9: C | B9: Ano do Acordo, Convenção ou Dissídio Coletivo | H9: RS002380/2026
A10: D | B10: Número de meses de execução contratual | H10: 12
A11: IDENTIFICAÇÃO DO SERVIÇO
A13: 1. MÓDULOS Mão de obra Mão de obra vinculada à execução contratual
A15: Dados para composição dos custos referente à mão de obra
A16: 1 | B16: Tipo de Serviço (mesmo serviço com características distintas) | H16: Auxiliar de Manutenção Predial
A17: 2 | B17: Classificação Brasileira de Ocupações (CBO) | H17: 5143 - 10
A18: 3 | B18: Salário Normativo da Categoria Profissional - para a jornada de 44 h/sem | H18: 2107.6
A19: 4 | B19: Categoria Profissional (vinculada à execução contratual) | H19: Auxiliar de manutenção predial
A20: 5 | B20: Data-Base da Categoria (dia/mês/ano) | H20: 46174
A22: Módulo 1: Composição da Remuneração
A23: 1 | B23: Composição da Remuneração | H23: Percentual (R$) | J23: Valor (R$)
A24: A | B24: Salário-Base (valor para somente 1 auxiliar de manutenção predial - 44h/semanais) | J24: =H18 -> 2107.6
A25: B | B25: Adicional de Insalubridade | I25: 0.2 | J25: =ROUND(I25*J24,2) -> 421.52
A26: Total | J26: =SUM(J24:J25) -> 2529.12
A28: Módulo 2 – Encargos e Benefícios Anuais, Mensais e Diários
A29: Submódulo 2.1 – 13º (décimo terceiro) Salário e Adicional de Férias
A30: 2.1 | B30: 13º (décimo terceiro) Salário e Adicional de Férias | J30: Valor (R$)
A31: A | B31: 13º (décimo terceiro) Salário Obrigatória a cotação de 8,33% sobre o valor do Módulo 1 – Composição da Remuneração, conforme Anexo XII da IN 5/17 | I31: 0.0833 | J31: =ROUND($J$26*I31,2) -> 210.68
A32: B | B32: Adicional de Férias Obrigatória a cotação de 3,025% sobre o valor do Módulo 1 – Composição da Remuneração, conforme Anexo XII da IN 5/17 (Férias + Adicional = 9,075% + 3,025% = 12,10%) | I32: 0.03025 | J32: =ROUND($J$26*I32,2) -> 76.51
A33: Total | J33: =SUM(J31+J32) -> 287.19
A34: C | B34: Incidência dos encargos do Submódulo 2.2 sobre o total do Submódulo 2.1 | J34: =ROUND(I47*J33,2) -> 102.96
A35: Total | J35: =J33+J34 -> 390.15
A37: Submódulo 2.2 - Encargos Previdenciários (GPS), Fundo de Garantia por Tempo de Serviço (FGTS) e outras contribuições
A38: 2.2 | B38: GPS, FGTS e outras contribuições | I38: Percentual (%) | J38: Valor (R$)
A39: A | B39: INSS | I39: 0.2 | J39: =ROUND($J$26*I39,2) -> 505.82
A40: B | B40: Salário Educação | I40: 0.025 | J40: =ROUND($J$26*I40,2) -> 63.23
A41: C | B41: RAT x FAP | E41: RAT = | F41: 0.02 | G41: FAP = | H41: 1.0257 | I41: =ROUND((F41*H41),6) -> 0.020514 | J41: =ROUND($J$26*I41,2) -> 51.88
A42: D | B42: SESC ou SESI | I42: 0.015 | J42: =ROUND($J$26*I42,2) -> 37.94
A43: E | B43: SENAC ou SENAI | I43: 0.01 | J43: =ROUND($J$26*I43,2) -> 25.29
A44: F | B44: SEBRAE | I44: 0.006 | J44: =ROUND($J$26*I44,2) -> 15.17
A45: G | B45: INCRA | I45: 0.002 | J45: =ROUND($J$26*I45,2) -> 5.06
A46: H | B46: FGTS | I46: 0.08 | J46: =ROUND($J$26*I46,2) -> 202.33
A47: Total | I47: =SUM(I39:I46) -> 0.358514 | J47: =SUM(J39:J46) -> 906.72
A49: Submódulo 2.3 – Benefícios Mensais e Diários
A50: 2.3 | B50: Benefícios Mensais e Diários | J50: Valor (R$)
A51: A | B51: Transporte Cálculo do valor: [(2xVTx22) – (6%xSB)] | J51: =IF(ROUND((I54*I52*I53)-(J24*0.06),2)<0,0,ROUND((I54*I52*I53)-(J24*0.06),2))*1+(I52*I53*21.726-0.06*J24)*0 -> 49.54
B52: A.1) Valor da passagem do transporte coletivo no município de prestação dos serviços: Decreto nº 045, de 15 de março de 2019 | I52: 4 | J52: -
B53: A.2) Quantidade de passagens por dia por empregado: | I53: 2
B54: A.3) Quantidade de dias do mês de recebimento de passagens | I54: 22
A55: B | B55: Auxílio-Refeição/Alimentação Causula 10ª | J55: 425
B56: Participação do Empregado 20% | J56: =J55*0.2*-1 -> -85
B57: Auxílio-Refeição/Alimentação Causula 10ª Férias | J57: =J55/12*0.8 -> 28.333333
A58: C | B58: Seguro contra riscos de acidente de trabalho | J58: 7.81
A59: D | B59: Plano de Benefício Social Familiar | J59: 0
A60: E | B60: Reembolso Creche IN SEGES/MGI Nº 147/2026 | I60: 20% de R$ 526,64 | J60: =526.64*20% -> 105.328
A61: Total | J61: =SUM(J51:J60) -> 531.01133
A63: Quadro-Resumo do Módulo 2 – Encargos e Benefícios Anuais, Mensais e Diários
A64: 2 | B64: Encargos e Benefícios Anuais, Mensais e Diários | J64: Valor (R$)
A65: 2.1 | C65: 13º (décimo terceiro) Salário e Adicional de Férias | J65: =J35 -> 390.15
A66: 2.2 | C66: GPS, FGTS e outras contribuições | J66: =J47 -> 906.72
A67: 2.3 | C67: Benefícios Mensais e Diários | J67: =J61 -> 531.01133
A68: Total | J68: =SUM(J65+J66+J67) -> 1827.8813
A70: Módulo 3 - Provisão para Rescisão
A71: 3 | B71: Provisão para Rescisão | J71: Valor (R$)
A72: A | B72: Aviso Prévio Indenizado Aviso-prévio indenizado Cálculo do valor = {Rem/12 + 13º/12=(Rem/12)/12 + Férias/12=(Rem/12)/12 + (1/3xFérias)/12=1/3x[(Rem/12)/12]} x (30/30=1) x 1% de rotatividade anual - Os reflexos de 13º, F e 1/3F são referentes a 1 mês de APInd - Na prorrogação, poderão ser considerados 3 dias conforme Lei nº 12.506/2011, dependendo da análise do nº de ocorrências deste evento no período | J72: =ROUND((($J$26/12)+($J$31/12)+($J$26/12/12)+($J$32/12))*(30/30)*0.01,2) -> 2.52
A73: B | B73: Incidência do FGTS sobre o Aviso Prévio Indenizado | J73: =ROUND($J$72*I46,2) -> 0.2
A74: C | B74: Multa do FGTS e contribuição social sobre o Aviso Prévio Indenizado Obrigatória a cotação de 0,24% sobre o valor do Módulo 1 – Composição da Remuneração, conforme Anexo XII da IN Seges nº 5/2017 (0,19% + 3,81% = 4,0%) - (Lei 13.932, de 11 de dezembro de 2019) | I74: 0.0019 | J74: =ROUND($J$26*I74,2) -> 4.81
A75: D | B75: Aviso Prévio Trabalhado (negociar extinção/redução na 1ª prorrogação) Cálculo do valor= [(Rem/30)x7]/12 meses do contratox90% dos empregados - ao final do contrato | J75: =ROUND(((($J$26/30)*7)/$H$10)*0.9,2) -> 44.26
A76: E | B76: Incidência dos encargos do Submódulo 2.2 sobre o Aviso Prévio Trabalhado | J76: =ROUND($I$47*J75,2) -> 15.87
A77: F | B77: Multa do FGTS e contribuição social sobre o Aviso Prévio Trabalhado Obrigatória a cotação de 4,76% sobre o valor do Módulo 1 – Composição da Remuneração, conforme Anexo XII da IN Seges nº 5/2017 (3,81%+0,19% = 4,0%) - (Lei 13.932, de 11 de dezembro de 2019) | I77: 0.0381 | J77: =ROUND($J$26*I77,2) -> 96.36
A78: Total | J78: =SUM(J72:J77) -> 164.02
A80: Módulo 4 - Custo de Reposição do Profissional Ausente
A81: Base de cálculo para o Custo de Reposição do Profissional Ausente (substituto): BCCPA = Rem + 13º + Férias + 1/3Férias | J81: =J84+J26+J31+J32 -> 3045.83
A83: 4.1 | B83: Ausências Legais | J83: Valor (R$)
A84: A | B84: Férias | I84: 0.09075 | J84: =ROUND(($J$26*I84),2) -> 229.52
A85: B | B85: Ausências Legais Cálculo do valor = [(BCCPA/30)x0,16dias]/12 | J85: =ROUND((($J$81/30)*0.16)/12,2) -> 1.35
A86: C | B86: Licença-Paternidade Cálculo do valor = {[(BCCPA/30)x5dias]/12}x1,5% | J86: =ROUND((($J$81/30)*5)/12*0.015,2) -> 0.63
A87: D | B87: Ausência por acidente de trabalho Cálculo do valor = {[(BCCPA/30)x15dias]/12}x0,78% | J87: =ROUND(((($J$81/30)*15)/12)*0.0078,2) -> 0.99
A88: E | B88: Afastamento Maternidade Cálculo do valor = {[(Rem+1/3Rem)/12]x(4/12)}x2% | J88: =ROUND(((($J$26+$J$26/3)*4/12)/12)*0.02,2) -> 1.87
A89: F | B89: (Outros) Ausência por doença Cálculo do valor = [(BCCPA)/30)x5dias]/12 | J89: =ROUND(((($J$81/30)*0.55)/12),2) -> 4.65
A90: Total | J90: =SUM(J84:J89) -> 239.01
A91: G | B91: Incidência dos encargos do Submódulo 2.2 sobre o total do Submódulo 4.1 | J91: =ROUND(I47*J90,2) -> 85.69
A92: Total | J92: =SUM(J90:J91) -> 324.7
A93: Submódulo 4.2 – Intrajornada
A94: 4.2 | B94: Intrajornada | J94: Valor (R$)
A95: A | B95: Intervalo para repouso ou alimentação | J95: 0
A96: Total | J96: 0
A97: B | B97: Incidência dos encargos do Submódulo 2.2 sobre o total do Submódulo 4.2 | J97: =ROUND(I47*J96,2) -> 0
A98: Total | J98: =SUM(J96:J97) -> 0
A100: Quadro-Resumo do Módulo 4 – Custo de Reposição do Profissional Ausente
A101: 4 | B101: Custo de Reposição do Profissional Ausente | J101: Valor (R$)
A102: 4.1 | B102: Ausências Legais | J102: =J92 -> 324.7
A103: 4.2 | B103: Intrajornada | J103: =J98 -> 0
A104: Total | J104: =SUM(J102+J103) -> 324.7
A106: Módulo 5 – Insumos Diversos
A107: 5 | B107: Insumos diversos | J107: Valor (R$)
A108: A | B108: Uniformes | J108: ='INSUMOS AUX MANUT'!D34 -> 113.72667
A109: B | B109: EPI's | J109: ='INSUMOS AUX MANUT'!D32 -> 63.616667
A110: C | B110: Equipamentos | J110: 0
A111: D | B111: Outros (especificar) | J111: 0.00
A112: Total | J112: =SUM(J108:J111) -> 177.34333
...

Sheet INSUMOS AUX MANUT
A1: AUXILIAR DE MANUTENÇÃO PREDIAL - Regime de Tributação: Lucro Real
A2: Pregão nº – CÂMPUS CAMAQUÃ PLANILHA DE CUSTOS E FORMAÇÃO DE PREÇOS
A3: Nº do processo:
A4: Licitação nº: | F4: Licitação nº:
A5: Dia:
A7: EPI's | B7: Unidade | C7: Quantidade Anual | D7: Valor Unitário | E7: Custo Anual
A8: ÓCULOS DE PROTEÇÃO INDIVIDUAL, MATERIAL ARMAÇÃO POLICARBONATO, MATERIAL LENTE POLICARBONATO, TIPO LENTE ANTIEMBASSANTE E ANTICHAMA, MODELO LENTES ACOPLÁVEISAO ROSTO, CARACTERÍSTICAS ADICIONAIS COM CORDÃO ELÁSTICO PARA FIXAÇÃO NA CABEÇA | B8: Peça | C8: 4 | D8: 5.46 | E8: =C8*D8 -> 21.84
A9: LUVA INDUSTRIAL, MATERIAL RASPA DE COURO, REVESTIMENTO INTERNO SEM FORRO, TAMANHO ÚNICO, TAMANHO CANO CURTO | B9: par | C9: 4 | D9: 12.07 | E9: =C9*D9 -> 48.28
A10: LUVA BORRACHA, MATERIAL BORRACHA NITRÍLICA, TAMANHO PEQUENO, CARACTERÍSTICAS ADICIONAIS ANATÔMICA, ESPESSURA 0,56 MM, TIPO PROTEÇÃO PRODUTOS QUÍMICOS | B10: par | C10: 6 | D10: 7.79 | E10: =C10*D10 -> 46.74
A11: CAPA DE CHUVA, TIPO MORCEGO, COR AMARELA, CONFECCIONADA EM TECIDO SINTÉTICO (PVC FORRADO), REVESTIDO EM PVC EM UMA DAS FACES, COM FECHAMENTO COM BOTÕES PLÁSTICOS DE PRESSÃO | B11: peça | C11: 2 | D11: 19 | E11: =C11*D11 -> 38
A12: CAPACETE SEGURANÇA , MATERIAL POLIETILENO ALTA DENSIDADE, TIPO ABA BONÉ, TIPO COPA COM ESTRIAS E CASCO RÍGIDO, COR BRANCA, APLICAÇÃO GRUPO DE SALVAMENTO, CARACTERÍSTICAS ADICIONAIS, SUSPENSÃO COM CARNEIRA AJUSTÁVEL | B12: peça | C12: 2 | D12: 23.26 | E12: =C12*D12 -> 46.52
A13: BOTA DE BORRACHA PVC IMPERMEÁVEL CANO LONGO, COR PRETA | B13: par | C13: 2 | D13: 54 | E13: =C13*D13 -> 108
A14: RESPIRADOR, MATERIAL TERMOPLÁSTICO, CARACTERÍSTICAS ADICIONAIS COM ADAPTADOR, TIPO SEMIFACIAL | B14: peça | C14: 2 | D14: 75.75 | E14: =C14*D14 -> 151.5
A15: LUVA PROTEÇÃO, MATERIAL NYLON COM POLIURETANO, TAMANHO CANO CURTO, TIPO 5 DEDOS, AMBIDESTRA, APLICAÇÃO SERVIÇOS GERAIS, CARACTERÍSTICAS ADICIONAIS SEMCOSTURA, LISA, ELÁSTICO NO PUNHO | B15: par | C15: 24 | D15: 8.8 | E15: =C15*D15 -> 211.2
A16: ABAFADOR RUÍDO AURICULAR, MATERIAL PLÁSTICO RÍGIDO, COR PRETA, FORMATO CONCHA OVAL, CARACTERÍSTICAS ADICIONAIS NÍVEL DE REDUÇÃO RUÍDO NRR 23 DB E NRRSF 18 DB | B16: peça | C16: 2 | D16: 25.74 | E16: =C16*D16 -> 51.48
A17: Abafador de ruído tipo plug, em silicone ou similar, com cordão e valores médios de atenuação acústica de 17 dB (NRRsf), nas altas freqüências, de acordo com a Norma ANSI 12.6/1997. | B17: par | C17: 24 | D17: 1.66 | E17: =C17*D17 -> 39.84
A18: CUSTO ANUAL DOS EPI's PARA 1 POSTO ( AUXILIAR DE MANUTENÇÃO PREDIAL | E18: =SUM(E8:E17) -> 763.4
A19: CUSTO MENSALEPI's PARA 1 POSTO (AUXILIAR DE MANUTENÇÃO PREDIAL | E19: =E18/12 -> 63.616667
A21: UNIFORMES | B21: Unidade | C21: Quantidade Anual | D21: Valor Unitário | E21: Custo Anual
A22: Bota segurança, material: couro, material sola: borracha antiderrapante, cor: preta, biqueira de aço, sem cadarço | B22: par | C22: 4 | D22: 54 | E22: =C22*D22 -> 216
A23: Calça de uniforme (tipo brim) | B23: peça | C23: 4 | D23: 49.19 | E23: =C23*D23 -> 196.76
A24: Camiseta de manga curta com logotipo e nome da contratada | B24: peça | C24: 10 | D24: 26 | E24: =C24*D24 -> 260
A25: Camiseta de manga longa com logotipo e nome da contratada | B25: peça | C25: 6 | D25: 23 | E25: =C25*D25 -> 138
A26: Moletom firme com logotipo e nome da contratada | B26: peça | C26: 4 | D26: 55.99 | E26: =C26*D26 -> 223.96
A27: Jaqueta, forrada com elástico nos punhos e firme com logotipo e nome da contratada | B27: peça | C27: 2 | D27: 165 | E27: =C27*D27 -> 330
A28: CUSTO ANUAL DOS UNIFORMES PARA 1 POSTO (AUXILIAR DE MANUTENÇÃO PREDIAL | E28: =SUM(E22:E27) -> 1364.72
A29: CUSTO MENSAL DOS UNIFORMES PARA 1 POSTO (AUXILIAR DE MANUTENÇÃO PREDIAL | E29: =E28/12 -> 113.72667
A31: QUADRO RESUMO | B31: CUSTO ANUAL | D31: CUSTO MENSAL
A32: EPI's | B32: =E18 -> 763.4 | D32: =E19 -> 63.616667
A34: UNIFORMES | B34: =E28 -> 1364.72 | D34: =E29 -> 113.72667
A36: TOTAIS | B36: =SUM(B32,B34) -> 2128.12 | D36: =SUM(D32,D34) -> 177.34333
A38: Quantidade da mão de obra alocada na prestação dos serviços | G38: 1
A39: OBS.: Pesquisa de preços realizado no Painel de preços do Governo Federal pelo site: http://paineldeprecos.planejamento.gov.br/

Sheet RESUMO MANUT
A1: AUXILIAR DE MANUTENÇÃO PREDIAL - Regime de Tributação: Lucro Real
A2: Pregão nº – CÂMPUS CAMAQUÃ PLANILHA DE CUSTOS E FORMAÇÃO DE PREÇOS
A3: Nº do processo:
A4: Licitação nº: | F4: ='MANUT. PREDIAL'!A4 -> Licitação nº:
A5: DATA:
A6: DISCRIMINAÇÃO DOS SERVIÇOS (DADOS REFERENTES À CONTRATAÇÃO)
A7: A | B7: Data de apresentação da proposta (dia/mês/ano)
A8: B | B8: Município/UF | F8: Camaquã/RS
A9: C | B9: Ano do Acordo, Convenção ou Dissídio Coletivo | F9: ='MANUT. PREDIAL'!H9 -> RS002380/2026
A10: D | B10: Número de meses de execução contratual | F10: 12
A12: VALOR MENSAL DOS SERVIÇOS
A13: ITEM | B13: Tipo de serviço (A) | C13: Valor Proposto por Empregado (B) | D13: Qtde. de Empregados por Posto (C) | E13: Valor Proposto por Posto (D) = (B x C) | F13: Qtde. de Postos (E) | G13: Valor Total do Serviço (F) = (D x E)
A14: 2 | B14: Auxiliar de Manutenção Predial | C14: ='MANUT. PREDIAL'!J146 -> 6107.7347 | D14: 1 | E14: =C14*D14 -> 6107.7347 | F14: 2 | G14: =E14*2 -> 12215.469
A16: Valor Mensal dos Serviços | G16: =SUM(G14) -> 12215.469
A18: QUADRO DEMONSTRATIVO DO VALOR GLOBAL DA PROPOSTA
A19: A | B19: Valor mensal do serviço | G19: =G16 -> 12215.469
A20: B | B20: Número de meses do Contrato | G20: 12
A21: C | B21: Valor Global do Proposta (Valor mensal do serviço x nº de meses do contrato). | G21: =G16*12 -> 146585.63
